 Dungeon Crawl Stone Soup version 0.20.0-8-g6b59dc7 (webtiles) character file.

11869 Gargoyl the Cleaver (level 11, -9/92 HPs)
             Began as a Black Draconian Abyssal Knight on May 31, 2017.
             Was a High Priest of Lugonu.
             Mangled by a death yak simulacrum (19 damage)
             ... in an ice cave.
             The game lasted 00:26:24 (11981 turns).

Gargoyl the Cleaver (DrAK)                         Turns: 11981, Time: 00:26:27

Health: -9/92      AC: 16    Str: 15      XL:     11   Next: 55%
Magic:  17/17      EV: 15    Int: 12 (13) God:    Lugonu [*****.]
Gold:   183        SH: 14    Dex: 12 (13) Spells: 10/10 levels left

rFire    . . .     SeeInvis +   d - +1 hand axe (venom)
rCold    + . .     Gourm    .   J - +0 shield
rNeg     . . .     Faith    .   (armour unavailable)
rPois    .         Spirit   .   (helmet restricted)
rElec    +         Reflect  +   j - scarf {repulsion}
rCorr    .         Harm     .   f - +2 pair of gloves
MR       .....                  (no boots)
Stlth    +.........             l - +5 amulet of reflection
Regen    0.3/turn               e - +6 ring of protection
MPRegen  0.2/turn               R - ring of see invisible

@: short of breath, repel missiles
A: breathe lightning, unfitting armour, claws 1, horns 1, talons 1, blurry
vision 1, cold resistance 1, deterioration 2, electricity resistance,
cold-blooded, AC +7
a: Breathe Lightning, Depart the Abyss, Bend Space, Banish, Corrupt, Enter the
Abyss, Renounce Religion


You were in an ice cave.
You worshipped Lugonu.
Lugonu was extremely pleased with you.
You were not hungry.

You visited 2 branches of the dungeon, and saw 11 of its levels.
You visited the Abyss 1 time.
You also visited: Ossuary and Ice Cave.

You collected 743 gold pieces.
You spent 560 gold pieces at shops.

Inventory:

Hand Weapons
 a - a +1 hand axe
 d - a +1 hand axe of venom (weapon)
 A - a +0 war axe
 C - a +2 spear of flaming
Missiles
 c - 13 tomahawks (quivered)
Armour
 f - a +2 pair of gloves (worn)
 j - a scarf of repulsion (worn)
 J - a +0 shield (worn)
Jewellery
 b - a cursed -2 ring of dexterity {unknown}
 e - a +6 ring of protection (left hand)
 l - a +5 amulet of reflection (around neck)
 u - a +2 ring of slaying
 z - an uncursed ring of stealth
 D - an uncursed ring of stealth
 O - a cursed amulet of inaccuracy {unknown}
 R - a ring of see invisible (right hand)
 S - an uncursed ring of protection from magic
Wands
 q - a wand of disintegration (24/24)
 t - a wand of flame (28/48)
 I - a wand of lightning (7/15)
 P - a wand of flame (12/48)
 Q - a wand of paralysis (15/24)
 T - a wand of disintegration (4/24)
Scrolls
 m - 2 scrolls of amnesia
 n - a scroll of fog
 o - 6 scrolls of remove curse
 r - 5 scrolls of identify
 v - 3 scrolls of teleportation
 x - 2 scrolls of fear
 y - 3 scrolls of magic mapping
Potions
 i - 2 potions of agility
 k - 2 potions of berserk rage
 p - 3 potions of resistance
 s - 6 potions of curing
 B - 3 potions of magic
 F - a potion of might
 G - a potion of cancellation
 K - a potion of brilliance
 L - 2 potions of flight
Books
 g - a book of Minor Magic

   Spells                             Type                      Level
   a - Magic Dart                     Conjuration                  1
   b - Blink                          Translocation                2
   c - Call Imp                       Summoning                    2
   d - Slow                           Hexes                        2
   e - Conjure Flame                  Conjuration/Fire             3
   f - Mephitic Cloud                 Conjuration/Poison/Air       3
 E - a book of Frost

   Spells                             Type                      Level
   a - Freeze                         Ice                          1
   b - Throw Frost                    Conjuration/Ice              2
   c - Ozocubu's Armour               Charms/Ice                   3
   d - Throw Icicle                   Conjuration/Ice              4
   e - Summon Ice Beast               Ice/Summoning                4
 M - a book of Beasts

   Spells                             Type                      Level
   a - Summon Butterflies             Summoning                    1
   b - Call Canine Familiar           Summoning                    3
   c - Summon Ice Beast               Ice/Summoning                4
   d - Summon Mana Viper              Hexes/Summoning              5
   e - Summon Hydra                   Summoning                    7
Comestibles
 h - 7 meat rations
 w - 6 royal jellies


   Skills:
 + Level 7.3 Fighting
 + Level 10.2 Axes
 + Level 2.7 Throwing
 * Level 9.9 Dodging
 + Level 5.0 Shields
 * Level 8.8 Invocations


You had 10 spell levels left.
You didn't know any spells.

Dungeon Overview and Level Annotations

Branches:
Dungeon (10/15)            Temple (0/1) D:7            Lair (1/6) D:10
    Orc (0/2) D:9

Altars:
Ashenzari
Elyvilon
Fedhas
Gozag
Hepliaklqana
Makhleb
Okawaru
Qazlal
Ru
Sif Muna
Trog
Vehumet
Xom
Yredelemnul
The Shining One

Shops:
D:10 =

Annotations:
Lair:1 exclusion: oklob plant


Innate Abilities, Weirdness & Mutations

You can breathe wild blasts of lightning.
Your glossy black scales are hard. (AC +7)
You cannot fit into any form of body armour.
You are resistant to electric shocks. (rElec)
You are cold-blooded and may be slowed by cold attacks.
You have sharp fingernails.
You have a pair of small horns on your head.
You have sharp toenails.
Scrolls take you a little longer to read.
Your flesh is cold resistant. (rC+)
Your body often deteriorates upon taking damage.


Message History

You hit the death yak simulacrum.
You claw the death yak simulacrum, but do no damage.
You headbutt the death yak simulacrum, but do no damage.
The death yak simulacrum is severely damaged.
You block the death yak simulacrum's attack.
Unknown command.
You hit the death yak simulacrum. You headbutt the death yak simulacrum.
The death yak simulacrum is almost destroyed.
You block the death yak simulacrum's attack.
You hit the death yak simulacrum but do no damage.
You headbutt the death yak simulacrum, but do no damage.
The death yak simulacrum is almost destroyed.
You hit the death yak simulacrum.
You claw the death yak simulacrum, but do no damage.
The death yak simulacrum is almost destroyed.
The death yak simulacrum gores you!!
* * * LOW HITPOINT WARNING * * *
Your body deteriorates!
You feel clumsy. The death yak simulacrum freezes you!! You resist.
You die...

#####
##...##
##..∩..##
#.......#
#...∩...#
##.....##
##.@.##
#Z..#
##5..#
#...#
...##
..## .##
#.


You could see a white imp and a death yak simulacrum.

Vanquished Creatures
  A two-headed ogre (D:8)
  An unseen horror (D:10)
  Joseph (Lair:1)
  A gargoyle (D:10)
  A komodo dragon (Lair:1)
  A hornet (D:8)
  3 hippogriffs
  12 yaks
  2 hungry ghosts
  Duvessa (D:6)
  A water moccasin (D:8)
  6 porcupines
  An ice beast (D:7)
  5 orc warriors
  3 black bears
  5 sky beasts
  A necrophage (D:9)
  2 phantoms
  5 ogres
  2 centaurs
  3 crocodiles
  3 big kobolds
  A wyvern zombie (D:7)
  A bullfrog (D:5)
  A gnoll sergeant (D:9)
  A swamp dragon simulacrum (IceCv)
  5 wights (D:6)
  An elephant simulacrum (IceCv)
  3 howler monkeys
  A crimson imp (D:9)
  3 jellies
  3 centaur zombies
  A quasit (D:10)
  2 bullfrog zombies
  3 hounds
  A bullfrog skeleton (D:7)
  4 centaur skeletons
  5 orc priests
  6 orc wizards (D:9)
  2 iguanas
  Natasha (thrice) (D:4)
  9 worker ants
  A wolf simulacrum (IceCv)
  A killer bee zombie (D:8)
  4 mummies (Ossuary)
  A worker ant zombie (D:6)
  20 gnolls
  12 adders
  3 shadow imps
  An ooze (D:6)
  An adder zombie (D:6)
  2 leopard geckos
  30 orcs
  4 giant cockroaches
  4 goblins
  6 hobgoblins
  4 jackals
  A ball python (D:3)
  6 bats
  5 frilled lizards
  A gnoll zombie (Ossuary)
  2 hobgoblin zombies (Ossuary)
  17 kobolds
  2 kobold zombies (Ossuary)
  An orc zombie (Ossuary)
  A quokka zombie (D:6)
  6 rats
  A fungus (D:10)
  4 plants (D:10)
258 creatures vanquished.

Vanquished Creatures (others)
  2 unseen horrors
  The ghost of Gargoyl the Chopper, a novice DrAK of Lugonu (D:6)
  A kobold (D:8)
  3 fungi (Lair:1)
  A plant (D:10)
8 creatures vanquished.

Grand Total: 266 creatures vanquished

Notes
Turn   | Place    | Note
-------+----------+-------------------------------------------
     0 | Abyss:1  | Gargoyl the Draconian Abyssal Knight began the quest for the Orb.
     0 | Abyss:1  | Reached XP level 1. HP: 19/19 MP: 2/2
    69 | Abyss:1  | Noticed a neqoxec
    71 | Abyss:1  | Noticed a thrashing horror
    73 | Abyss:1  | Noticed a small abomination
   105 | Abyss:1  | Noticed a small abomination
   106 | D:1      | Escaped the Abyss
   518 | D:1      | Reached XP level 2. HP: 26/26 MP: 3/3
   535 | D:1      | Reached * piety under Lugonu
  1045 | D:1      | Reached XP level 3. HP: 16/31 MP: 4/4
  1107 | D:1      | Noticed an ogre
  1701 | D:2      | Reached XP level 4. HP: 32/39 MP: 5/5
  1813 | D:2      | Reached skill level 3 in Axes
  1821 | D:2      | Found a white marble altar of Elyvilon.
  1875 | D:2      | You fall through a shaft!
  1909 | D:3      | Reached ** piety under Lugonu
  1978 | D:2      | Found a sacrificial altar of Ru.
  2213 | D:3      | Found a glowing golden altar of the Shining One.
  2351 | D:3      | HP: 1/39 [orc/whip (3)]
  3023 | D:3      | Reached XP level 5. HP: 45/45 MP: 7/7
  3100 | D:3      | Found a burning altar of Makhleb.
  3313 | D:4      | Reached skill level 4 in Axes
  3522 | D:4      | Reached XP level 6. HP: 52/52 MP: 8/8
  3540 | D:4      | Noticed Natasha
  3548 | D:4      | Killed Natasha
  3598 | D:4      | Noticed Natasha
  3609 | D:4      | Killed Natasha
  3633 | D:4      | Noticed Natasha
  3646 | D:4      | Killed Natasha
  3840 | D:5      | Entered Level 5 of the Dungeon
  3925 | D:5      | Found a blossoming altar of Fedhas.
  3933 | D:5      | Reached skill level 5 in Axes
  3933 | D:5      | Your scales start taking on a glossy black colour.
  3933 | D:5      | Reached XP level 7. HP: 53/59 MP: 9/9
  3933 | D:5      | Gained mutation: You are resistant to electric shocks. (rElec) [Black Draconian growth]
  4644 | D:6      | Found a stormy altar of Qazlal.
  4718 | D:6      | Reached skill level 1 in Throwing
  4718 | D:6      | Reached skill level 5 in Dodging
  4720 | D:6      | Reached *** piety under Lugonu
  4956 | D:6      | Noticed Gargoyl's ghost (novice DrAK)
  5013 | D:6      | Banished Gargoyl's ghost
  5013 | D:6      | Reached skill level 6 in Axes
  5013 | D:6      | Reached XP level 8. HP: 51/67 MP: 11/11
  5341 | D:6      | Gained mutation: You have sharp toenails. [mutagenic meat]
  5342 | D:6      | Gained mutation: Your body sometimes deteriorates upon taking damage. [mutagenic meat]
  5343 | D:6      | Gained mutation: Your spells are a little harder to cast, but a little more powerful. [mutagenic meat]
  5344 | D:6      | Gained mutation: You are somewhat resistant to further mutation. [mutagenic meat]
  5384 | D:6      | Lost mutation: You have sharp toenails. [potion of mutation]
  5384 | D:6      | Lost mutation: You are somewhat resistant to further mutation. [potion of mutation]
  5384 | D:6      | Gained mutation: You have sharp fingernails. [potion of mutation]
  5384 | D:6      | Gained mutation: Your body often deteriorates upon taking damage. [potion of mutation]
  5384 | D:6      | Gained mutation: You have a pair of small horns on your head. [potion of mutation]
  5384 | D:6      | Gained mutation: You have sharp toenails. [potion of mutation]
  5561 | D:6      | Reached skill level 5 in Invocations
  6141 | D:6      | Reached skill level 7 in Axes
  6167 | D:6      | Reached skill level 5 in Fighting
  6323 | D:6      | Noticed Duvessa
  6329 | D:6      | Killed Duvessa
  6329 | D:6      | Reached XP level 9. HP: 48/74 MP: 13/13
  6577 | D:7      | Gained mutation: Scrolls take you a little longer to read. [mutagenic meat]
  6839 | D:7      | Found a sand-covered staircase.
  6851 | D:7      | Reached skill level 8 in Axes
  6999 | Ossuary  | Entered an ossuary
  7171 | Ossuary  | Reached **** piety under Lugonu
  7340 | D:7      | Found a staircase to the Ecumenical Temple.
  7442 | D:7      | Found a shattered altar of Ashenzari.
  7443 | D:7      | Found a hazy altar of Hepliaklqana.
  8154 | D:8      | Found a deep blue altar of Sif Muna.
  8165 | D:8      | Found a basalt altar of Yredelemnul.
  8200 | D:8      | Found an opulent altar of Gozag.
  8211 | D:8      | Noticed a two-headed ogre
  8218 | D:8      | Killed a two-headed ogre
  8218 | D:8      | Reached XP level 10. HP: 20/83 MP: 14/14
  8520 | D:8      | Found a bloodstained altar of Trog.
  8552 | D:8      | Reached skill level 9 in Axes
  8780 | D:8      | Found a radiant altar of Vehumet.
  8930 | D:8      | Found a shimmering altar of Xom.
  8940 | D:8      | Found an iron altar of Okawaru.
  8984 | D:8      | Reached skill level 1 in Shields
  9767 | D:9      | Reached ***** piety under Lugonu
 10026 | D:9      | Banished an unseen horror
 10124 | D:9      | Found a staircase to the Orcish Mines.
 10235 | D:10     | Entered Level 10 of the Dungeon
 10352 | D:10     | Found a staircase to the Lair.
 10382 | D:10     | Banished an unseen horror
 10382 | D:10     | Reached XP level 11. HP: 38/91 MP: 17/17
 10914 | D:10     | Found Hahal's Jewellery Emporium.
 10922 | D:10     | Bought an uncursed ring of see invisible for 210 gold pieces
 10922 | D:10     | Bought an uncursed ring of protection from magic for 350 gold pieces
 11128 | D:10     | Gained mutation: Your flesh is cold resistant. (rC+) [mutagenic meat]
 11129 | D:10     | Gained mutation: You are dopey. (Int -2) [mutagenic meat]
 11131 | D:10     | Lost mutation: Your spells are a little harder to cast, but a little more powerful. [mutagenic meat]
 11132 | D:10     | Lost mutation: You are dopey. (Int -2) [mutagenic meat]
 11298 | D:10     | Noticed an unseen horror
 11306 | D:10     | Killed an unseen horror
 11306 | D:10     | Reached skill level 10 in Axes
 11392 | Lair:1   | Entered Level 1 of the Lair of Beasts
 11424 | Lair:1   | Noticed Joseph
 11435 | Lair:1   | Killed Joseph
 11484 | Lair:1   | Noticed an oklob plant
 11524 | Lair:1   | Reached skill level 5 in Shields
 11544 | Lair:1   | HP: 4/92 [crocodile (14)]
 11956 | Lair:1   | Found a frozen archway.
 11965 | IceCv    | Entered an ice cave
 11981 | IceCv    | Mangled by a death yak simulacrum

Skill      XL: |  1  2  3  4  5  6  7  8  9 10 11 |
---------------+----------------------------------+-----
Dodging        | 3 4 5 6 8 9 |  9.9
Axes           | 3 4 5 6 7 8 9 10 | 10.2
Invocations    | 3 4 5 6 8 |  8.8
Fighting       | 4 5 6 7 |  7.3
Throwing       | 1 2 |  2.7
Shields        | 3 5 |  5.0

Action                   |  1- 3 |  4- 6 |  7- 9 | 10-12 || total
-------------------------+-------+-------+-------+-------++-------
Melee: Hand axe          |   114 |   135 |   269 |   342 ||   860
       Tailslap          |    19 |    18 |    32 |    65 ||   134
       Kick              |       |       |    43 |   122 ||   165
       Headbutt          |       |       |    28 |    63 ||    91
Throw: Tomahawk          |       |     9 |    17 |    15 ||    41
Invok: Depart the Abyss  |     1 |       |       |       ||     1
       Banish            |       |       |     1 |     3 ||     4
 Abil: Breathe Lightning |       |       |    18 |    12 ||    30
  Use: Scroll            |     7 |     5 |     5 |     3 ||    20
       Potion            |       |     3 |    11 |     1 ||    15
 Stab: Sleeping          |       |     2 |       |       ||     2
  Eat: Chunk             |     3 |     7 |    16 |     7 ||    33
       Fruit             |       |       |     6 |     1 ||     7
       Bread ration      |       |       |     1 |     4 ||     5
Armor: Skin              |    67 |    63 |    88 |   116 ||   334
Dodge: Dodged            |   102 |    81 |   163 |   133 ||   479
       Deflected         |       |       |     1 |     3 ||     4
Block: Other             |    18 |    35 |    60 |       ||   113
       Reflection        |       |     1 |     4 |     7 ||    12
       Shield            |       |       |     3 |   239 ||   242
